 Dungeon Sprint DCSS version 0.21-a0-71-g5e5ddd2 (webtiles) character file.

14821 Kidiri the Eclecticist (level 11, -16/68 HPs)
             Began as a Deep Elf Fire Elementalist on June 19, 2017.
             Was the Champion of Vehumet.
             Hit by a large rock thrown by Polyphemus (55 damage)
             ... in the Dungeon (Sprint III: "The Ten Rune Challenge").
             The game lasted 00:25:59 (3384 turns).

Kidiri the Eclecticist (Deep Elf Fire Elementalist) Turns: 3384, Time: 00:26:00

Health: -16/68     AC:  5    Str:  5    XL:     11   Next: 93%
Magic:  23/33      EV: 21    Int: 24    God:    Vehumet [******]
Gold:   52         SH:  0    Dex: 17    Spells: 4/43 levels left

rFire    . . .     SeeInvis .   v - +2 dagger (holy)
rCold    . . .     Gourm    .   (no shield)
rNeg     . . .     Faith    .   a - +0 robe
rPois    +         Spirit   .   (no helmet)
rElec    .         Reflect  .   m - +0 cloak {MR+}
rCorr    .         Harm     .   (no gloves)
MR       ++...     NoTele   +   w - +0 pair of boots
Stlth    ++........             (no amulet)
HPRegen  0.21/turn              (no ring)
MPRegen  0.23/turn              (no ring)

@: no status effects
A: agile 1, poison resistance, MP-powered wands
a: Renounce Religion


You were in the Dungeon.
You worshipped Vehumet.
Vehumet was exalted by your worship.
You were not hungry.

You visited 1 branch You collected 52 gold pieces.

Inventory:

Hand Weapons
 v - a +2 dagger of holy wrath (weapon)
Missiles
 x - 4 throwing nets (quivered)
Armour
 a - a +0 robe (worn)
 m - a +0 cloak of magic resistance (worn)
 w - a +0 pair of boots (worn)
Wands
 l - a wand of random effects (11/48)
Scrolls
 k - a scroll of identify
 o - 2 scrolls of immolation
 p - a scroll of recharging
 s - a scroll of remove curse
Potions
 d - 2 potions of curing
 e - a potion of heal wounds
 f - a potion of haste
 g - a potion of magic
 h - a potion of berserk rage
 n - 2 potions of mutation
 r - 3 potions of flight
Books
 b - a book of Flames

   Spells                             Type                      Level
   a - Flame Tongue                   Conjuration/Fire             1
   b - Throw Flame                    Conjuration/Fire             2
   c - Conjure Flame                  Conjuration/Fire             3
   d - Inner Flame                    Hexes/Fire                   3
   e - Sticky Flame                   Conjuration/Fire             4
   f - Fireball                       Conjuration/Fire             5
 u - a book of Burglary

   Spells                             Type                      Level
   a - Swiftness                      Charms/Air                   2
   b - Passwall                       Transmutation/Earth          2
   c - Passage of Golubria            Translocation                4
   d - Lee's Rapid Deconstruction     Earth                        5
   e - Darkness                       Hexes                        6
   f - Invisibility                   Hexes                        6
Comestibles
 c - a bread ration
 i - 5 chunks of flesh
 j - 28 royal jellies


   Skills:
 + Level 8.2 Fighting
 + Level 9.0 Short Blades
 + Level 8.5 Armour
 + Level 11.6 Dodging
 - Level 2.4 Stealth
 * Level 16.9 Spellcasting
 + Level 10.8 Conjurations
 + Level 9.0 Translocations
 + Level 11.2 Fire Magic
 + Level 9.1 Earth Magic
 + Level 10.1 Evocations


You had 4 spell levels left.
You knew the following spells:

 Your Spells              Type           Power        Failure   Level  Hunger
a - Flame Tongue          Conj/Fire      #####        1%          1    None
b - Throw Flame           Conj/Fire      ######       1%          2    None
c - Conjure Flame         Conj/Fire      ######..     1%          3    None
d - Inner Flame           Hex/Fire       #####...     1%          3    None
e - Sticky Flame          Conj/Fire      ######..     1%          4    None
f - Fireball              Conj/Fire      ######....   1%          5    None
g - Stone Arrow           Conj/Erth      ######       1%          3    None
h - Lee's Rapid Deconstr  Erth           ######....   1%          5    None
i - Orb of Destruction    Conj           ######....   7%          7    #####..
j - Passwall              Tmut/Erth      #####.....   1%          2    None
k - Passage of Golubria   Tloc           N/A          1%          4    None


Dungeon Overview and Level Annotations

Branches:
Dungeon (1/1)

Altars:
Cheibriados
Dithmenos
Elyvilon
Fedhas
Gozag
Hepliaklqana
Kikubaaqudgha
Makhleb
Nemelex Xobeh
Okawaru
Qazlal
Ru
Sif Muna
Trog
Uskayaw
Vehumet
Wu Jian
Xom
Yredelemnul
Zin
The Shining One
Beogh
Jiyva
Lugonu

Annotations:
D exclusion: 6 doors, Polyphemus


Innate Abilities, Weirdness & Mutations

You are agile. (Dex +2)
Your system is resistant to poisons. (rPois)
You expend magic power (3 MP) to strengthen your wands.


Message History

As you open the door, it creaks loudly!
There is an open door, spattered with blood here.
You close the door.
Things that are here:
a battleaxe of electrocution; a ring mail You start resting.
Something unseen opens the door.
Casting: Passwall
Confirm with . or Enter, or press ? or * to list all spells.
Aiming: Conjure Flame
Press: ? - help, Dir - move target cursor The fire ignites!
Casting: Conjure Flame
Confirm with . or Enter, or press ? or * to list all spells.
Aiming: Orb of Destruction
Press: ? - help, Shift-Dir - straight line, f - Polyphemus
Aim: Polyphemus (unusually strong) Polyphemus throws a large rock.
The large rock hits you!!!
Ouch! That really hurt!
You die...

#[.# #..#####....#___#__+...
▓▓▓▓▓▓▓▓▓▓▓▓▓▓▓▓▓▓▓▓▓▓▓▓▓▓▓▓
+≈≈≈≈≈≈.≈≈♣♣.....♣..♣≈≈≈
#≈≈≈§§§§≈≈♣♣.≈≈≈≈+..'♣≈≈
#≈≈≈≈§§≈≈≈.'.....#.≈.♣♣♣
#≈≈≈§§§≈≈≈♣♣♣♣♣♣♣#...♣
#≈≈..≈≈≈≈≈♣ ###+♣♣♣
▓##+####'#######♣ ♣♣♣♣.##.
▓..........@*).§♣♣ ♣...##.#
▓#+#############C♣ ♣..##.##
#≈.......%...♣ ♣..%#.##
..+≈≈...########♣♣♣♣♣.##.#
..#≈≈≈...........♣ ♣♣.##.#
J.#≈≈≈≈.......C..♣ ♣.....# #
###########Y#### #######
▓≈≈≈≈≈≈≈≈ ▓≈≈≈≈≈≈≈≈


You could see Polyphemus.

Vanquished Creatures
  Rupert (D)
  Erolcha (D)
  4 death yaks (D)
  Urug (D)
  A deep elf mage (D)
  A lindwurm (D)
  2 black mambas (D)
  A komodo dragon (D)
  2 spiny frogs (D)
  A rime drake (D)
  3 wandering mushrooms (D)
  2 tyrant leeches (D)
  A queen bee (D)
  8 blink frogs (D)
  A shadow (D)
  5 redbacks (D)
  A spatial vortex (D)
  A swamp drake (D)
  A necrophage (D)
  5 two-headed ogres (D)
  A water elemental (D)
  32 killer bees (D)
  Crazy Yiuf (D)
  A jelly (D)
  A wizard (D)
  A necromancer (D)
  3 humans (D)
  A kobold demonologist (D)
  An ooze (D)
  3 rats (D)
  2 plants (D)
90 creatures vanquished.

Vanquished Creatures (others)
  2 draconian scorchers (D)
  6 hellions (D)
  3 yaktaurs (D)
  8 plants (D)
19 creatures vanquished.

Grand Total: 109 creatures vanquished

Notes
Turn   | Place    | Note
-------+----------+-------------------------------------------
     0 | D        | Kidiri the Deep Elf Fire Elementalist began the quest for the Orb.
     0 | D        | Reached XP level 1. HP: 10/10 MP: 6/6
    71 | D        | Killed a yaktaur
    75 | D        | Reached skill level 1 in Fighting
   111 | D        | Killed a hellion
   148 | D        | Killed a hellion
   150 | D        | Killed a white draconian scorcher
   155 | D        | Killed a hellion
   162 | D        | Noticed Crazy Yiuf
   163 | D        | Killed a yaktaur
   176 | D        | Killed Crazy Yiuf
   176 | D        | Reached skill level 1 in Armour
   176 | D        | Reached skill level 5 in Spellcasting
   176 | D        | Reached XP level 2. HP: 17/17 MP: 0/10
   176 | D        | Reached XP level 3. HP: 21/21 MP: 0/11
   180 | D        | Learned a level 2 spell: Throw Flame
   180 | D        | Killed a hellion
   180 | D        | Killed a hellion
   184 | D        | Learned a level 3 spell: Conjure Flame
   188 | D        | Learned a level 3 spell: Inner Flame
   246 | D        | Killed a white draconian scorcher
   304 | D        | Killed a hellion
   312 | D        | Gained mutation: Your system is resistant to poisons. (rPois) [potion of mutation]
   312 | D        | Gained mutation: You expend magic power (3 MP) to strengthen your wands. [potion of mutation]
   312 | D        | Gained mutation: You are agile. (Dex +2) [potion of mutation]
   363 | D        | Noticed a water elemental
   366 | D        | Killed a water elemental
   366 | D        | Reached skill level 6 in Spellcasting
   366 | D        | Reached XP level 4. HP: 25/27 MP: 6/14
   372 | D        | Learned a level 4 spell: Sticky Flame
   420 | D        | Found a radiant altar of Vehumet.
   421 | D        | Found a deep blue altar of Sif Muna.
   421 | D        | Found an ancient bone altar of Kikubaaqudgha.
   421 | D        | Noticed a wizard
   423 | D        | Killed a wizard
   423 | D        | Reached skill level 7 in Spellcasting
   423 | D        | Reached skill level 5 in Fire Magic
   423 | D        | Reached XP level 5. HP: 25/32 MP: 6/16
   427 | D        | Reached skill level 5 in Dodging
   438 | D        | Became a worshipper of Vehumet
   445 | D        | Learned a level 5 spell: Fireball
   540 | D        | Found a glowing silver altar of Zin.
   541 | D        | Found a glowing golden altar of the Shining One.
   541 | D        | Found a white marble altar of Elyvilon.
   541 | D        | Noticed a deep elf mage
   557 | D        | Killed a deep elf mage
   557 | D        | Reached skill level 10 in Spellcasting
   557 | D        | Reached skill level 5 in Evocations
   557 | D        | Reached XP level 6. HP: 32/39 MP: 5/21
   557 | D        | Reached XP level 7. HP: 37/44 MP: 5/23
   563 | D        | Learned a level 4 spell: Passage of Golubria
   569 | D        | Learned a level 5 spell: Lee's Rapid Deconstruction
   655 | D        | Found an ornate altar of the Wu Jian Council.
   655 | D        | Found a roughly hewn altar of Beogh.
   655 | D        | Found an iron altar of Okawaru.
   655 | D        | Found a bloodstained altar of Trog.
   655 | D        | Found a hide-covered altar of Uskayaw.
   655 | D        | Noticed a human
   660 | D        | Noticed a human
   662 | D        | Killed a human
   662 | D        | Killed a human
   662 | D        | Reached skill level 1 in Translocations
   662 | D        | Reached skill level 1 in Earth Magic
   662 | D        | Reached * piety under Vehumet
   662 | D        | Offered knowledge of Magic Dart by Vehumet.
   662 | D        | Reached skill level 11 in Spellcasting
   705 | D        | Killed a yaktaur
   796 | D        | Found a basalt altar of Yredelemnul.
   796 | D        | Found a shadowy altar of Dithmenos.
   796 | D        | Found a sacrificial altar of Ru.
   805 | D        | Reached skill level 5 in Fighting
   805 | D        | Reached XP level 8. HP: 49/49 MP: 14/25
   863 | D        | Offered knowledge of Throw Frost by Vehumet.
   863 | D        | Reached ** piety under Vehumet
   895 | D        | Found a blossoming altar of Fedhas.
   895 | D        | Found a stormy altar of Qazlal.
   896 | D        | Found a snail-covered altar of Cheibriados.
   896 | D        | Found a burning altar of Makhleb.
   896 | D        | Found a hazy altar of Hepliaklqana.
   896 | D        | Found a shimmering altar of Xom.
   896 | D        | Found an opulent altar of Gozag.
   896 | D        | Found a sparkling altar of Nemelex Xobeh.
   896 | D        | Found a corrupted altar of Lugonu.
   896 | D        | Found a viscous altar of Jiyva.
   904 | D        | Reached skill level 5 in Armour
   966 | D        | Learned a level 2 spell: Passwall
   982 | D        | Reached *** piety under Vehumet
   987 | D        | Reached skill level 12 in Spellcasting
  1076 | D        | Noticed a two-headed ogre
  1091 | D        | Killed a two-headed ogre
  1091 | D        | Offered knowledge of Stone Arrow by Vehumet.
  1091 | D        | Reached skill level 5 in Short Blades
  1200 | D        | Noticed a two-headed ogre
  1200 | D        | Noticed Erolcha
  1209 | D        | Killed a two-headed ogre
  1209 | D        | Reached XP level 9. HP: 31/55 MP: 14/27
  1220 | D        | Killed Erolcha
  1220 | D        | Reached **** piety under Vehumet
  1220 | D        | Reached skill level 13 in Spellcasting
  1220 | D        | Reached skill level 5 in Translocations
  1310 | D        | Learned a level 3 spell: Stone Arrow
  1316 | D        | Offered knowledge of Olgreb's Toxic Radiance by Vehumet.
  1316 | D        | Reached skill level 5 in Earth Magic
  1441 | D        | Reached ***** piety under Vehumet
  1489 | D        | Offered knowledge of Lightning Bolt by Vehumet.
  1684 | D        | Offered knowledge of Iron Shot by Vehumet.
  1750 | D        | Reached ****** piety under Vehumet
  1842 | D        | Noticed a queen bee
  1848 | D        | Offered knowledge of Poison Arrow by Vehumet.
  1848 | D        | Reached XP level 10. HP: 61/61 MP: 15/29
  1912 | D        | Reached skill level 14 in Spellcasting
  2107 | D        | Offered knowledge of Ozocubu's Refrigeration by Vehumet.
  2205 | D        | Noticed a spiny frog
  2205 | D        | Noticed a spiny frog
  2211 | D        | Killed a spiny frog
  2218 | D        | Killed a spiny frog
  2218 | D        | Reached skill level 10 in Dodging
  2543 | D        | Noticed a lindwurm
  2547 | D        | Killed a lindwurm
  2547 | D        | Reached skill level 10 in Fire Magic
  2577 | D        | Offered knowledge of Orb of Destruction by Vehumet.
  2577 | D        | Reached skill level 15 in Spellcasting
  2586 | D        | Learned a level 7 spell: Orb of Destruction
  2606 | D        | Noticed Urug
  2608 | D        | Killed Urug
  2608 | D        | Reached XP level 11. HP: 63/67 MP: 21/32
  2745 | D        | Offered knowledge of Freezing Cloud by Vehumet.
  2873 | D        | Noticed Rupert
  2903 | D        | Killed Rupert
  2903 | D        | Reached skill level 16 in Spellcasting
  2903 | D        | Reached skill level 10 in Conjurations
  3018 | D        | Noticed a death yak
  3020 | D        | Noticed a death yak
  3023 | D        | Noticed a death yak
  3027 | D        | Noticed a death yak
  3031 | D        | Killed a death yak
  3032 | D        | Killed a death yak
  3035 | D        | Killed a death yak
  3189 | D        | Offered knowledge of Bolt of Cold by Vehumet.
  3195 | D        | Killed a death yak
  3195 | D        | Reached skill level 10 in Evocations
  3241 | D        | Noticed an azure jelly
  3241 | D        | Noticed an azure jelly
  3362 | D        | Noticed Polyphemus
  3384 | D        | Hit by a large rock thrown by Polyphemus

Vault maps used:
D:        dungeon_sprint_mu

Skill      XL: |  1  2  3  4  5  6  7  8  9 10 11 |
---------------+----------------------------------+-----
Fighting       | 1 2 4 5 6 7 8 |  8.2
Armour         | 1 2 4 5 6 7 8 |  8.5
Dodging        | 3 4 6 7 8 9 10 11 | 11.6
Spellcasting   | 5 6 7 10 11 12 13 15 16 | 16.9
Conjurations   | 2 3 4 6 7 8 9 10 | 10.8
Fire Magic     | 4 5 6 7 8 9 10 11 | 11.2
Evocations     | 2 5 6 7 8 10 | 10.1
Short Blades   | 3 4 5 6 7 9 |  9.0
Translocations | 2 4 5 7 9 |  9.0
Earth Magic    | 2 4 5 7 9 |  9.1
Stealth        | |  2.4

Action                   |  1- 3 |  4- 6 |  7- 9 | 10-12 || total
-------------------------+-------+-------+-------+-------++-------
Melee: Dagger            |       |     1 |     2 |    57 ||    60
 Cast: Flame Tongue      |    23 |     2 |    74 |    24 ||   123
       Conjure Flame     |     1 |       |    12 |     8 ||    21
       Throw Flame       |     1 |       |     2 |     1 ||     4
       Sticky Flame      |       |     3 |     7 |    10 ||    20
       Fireball          |       |       |     3 |     3 ||     6
       Inner Flame       |       |       |    10 |     4 ||    14
       Stone Arrow       |       |       |    12 |    39 ||    51
       Orb of Destructio |       |       |       |    13 ||    13
       Passwall          |       |       |       |     1 ||     1
       Passage of Golubr |       |       |       |     1 ||     1
  Use: Potion            |     1 |       |       |     2 ||     3
       Scroll            |       |       |     4 |     1 ||     5
 Stab: Sleeping          |       |     1 |     1 |     1 ||     3
       Distracted        |       |       |       |     1 ||     1
  Eat: Chunk             |       |       |     2 |     4 ||     6
       Fruit             |       |       |     4 |       ||     4
       Royal jelly       |       |       |     2 |       ||     2
Armor: Robe              |     1 |       |     5 |     5 ||    11
Dodge: Dodged            |     5 |     4 |    68 |    32 ||   109
